 Dungeon Crawl Stone Soup version 0.21.1-1-g345015f (webtiles) character file.

177 letownia2 the Conjurer (level 5, 35/35 HPs)
             Began as a Demonspawn Wizard on Feb 8, 2018.
             Quit the game on level 4 of the Dungeon.
             The game lasted 00:03:29 (1650 turns).

letownia2 the Conjurer (Demonspawn Wizard)          Turns: 1650, Time: 00:03:30

Health: 35/35      AC:  4    Str:  8    XL:     5   Next: 30%
Magic:  14/24      EV: 13    Int: 19    God:
Gold:   58         SH:  0    Dex: 12    Spells: 3/10 levels left

rFire    . . .     SeeInvis .   s - staff of power
rCold    . . .     Gourm    .   (no shield)
rNeg     . . .     Faith    .   q - +0 leather armour
rPois    .         Spirit   .   b - +0 hat
rElec    .         Reflect  .   (no cloak)
rCorr    .         Harm     .   p - +0 pair of gloves
MR       .....                  (no boots)
Stlth    ++........             (no amulet)
HPRegen  0.11/turn              (no ring)
MPRegen  0.19/turn              (no ring)

@: very slightly contaminated
A: repulsion field 1, rot immunity
a: no special abilities


You were on level 4 of the Dungeon.
You were not hungry.

You visited 1 branch of the dungeon, and saw 4 of its levels.

You collected 58 gold pieces.

Inventory:

Hand Weapons
 i - a +0 mace
Armour
 a - a +0 robe
 b - a +0 hat (worn)
 p - a +0 pair of gloves (worn)
 q - a +0 leather armour (worn)
Magical Staves
 s - an uncursed staff of power (weapon)
Scrolls
 e - a scroll of blinking {unknown}
 f - a scroll of teleportation {unknown}
 g - 2 scrolls of identify {unknown}
 h - 2 scrolls of amnesia {unknown}
 k - 2 scrolls of remove curse {unknown}
 r - a scroll of immolation {unknown}
Potions
 j - 2 potions of flight {unknown}
 m - a potion of invisibility {unknown}
 n - a potion of agility {unknown}
 o - a potion of heal wounds {unknown}
 t - a potion of curing {unknown}
 u - a potion of degeneration {unknown}
Books
 c - a book of Minor Magic

   Spells                             Type                      Level
   a - Magic Dart                     Conjuration                  1
   b - Blink                          Translocation                2
   c - Call Imp                       Summoning                    2
   d - Slow                           Hexes                        2
   e - Conjure Flame                  Conjuration/Fire             3
   f - Mephitic Cloud                 Conjuration/Poison/Air       3
Comestibles
 d - 2 rations
 l - 5 chunks of flesh


   Skills:
 - Level 1.7 Dodging
 - Level 1.7 Stealth
 - Level 3.0 Spellcasting
 - Level 4.3 Conjurations
   Level 1.0 Summonings
   Level 0.8 Translocations
 + Level 1.2 Fire Magic
 + Level 1.2 Air Magic
 + Level 1.3 Poison Magic


You had 3 spell levels left.
You knew the following spells:

 Your Spells              Type           Power        Failure   Level  Hunger
a - Magic Dart            Conj           ###.         3%          1    None
c - Conjure Flame         Conj/Fire      ##......     22%         3    ###....
e - Mephitic Cloud        Conj/Pois/Air  ##......     26%         3    ###....


Dungeon Overview and Level Annotations

Branches:
Dungeon (4/15)
 Temple: D:4-7

Altars:


Innate Abilities, Weirdness & Mutations

You are surrounded by a mild repulsion field. (EV +2)
You are immune to rotting.


Message History

Confirm with . or Enter, or press ? or * to list all spells.
Aiming: Magic Dart
Press: ? - help, Shift-Dir - straight line, f/p - ogre
Aim: an ogre, wielding a giant spiked club (almost dead, confused)
The magic dart hits the ogre.
You kill the ogre!
Your Fire Magic skill increases to level 1!
Your Air Magic skill increases to level 1!
Your Poison Magic skill increases to level 1!
You have reached level 5!
No previous command to re-do.
u - a cyan potion
Found a ration.
Things that are here:
a giant spiked club; an ogre corpse You butcher the ogre corpse.
l - 5 chunks of flesh (gained 3)
Things that are here:
a giant spiked club; an ogre skeleton Are you sure you want to abandon this character and quit the game? (Confirm with "yes".)

# . # # ## ###.
%################# #...
..........<......# #.#.
#..@....###.# #.##
####.......# #.# #.##
#..........# #.# #.##
.....##.......###.#####.##
#### #.......##..........
#.....#........##.##
#####...###.##.##...
####.## #.##.##### #.....#
#.##.#


There were no monsters in sight!

Vanquished Creatures
  An ogre (D:4)
  2 worker ants (D:4)
  An adder (D:2)
  2 adder skeletons
  A leopard gecko (D:1)
  A ball python (D:4)
  A giant cockroach (D:4)
  6 hobgoblins
  2 jackals (D:4)
  A quokka (D:3)
  4 bats
  2 frilled lizards (D:2)
  2 goblins (D:2)
  4 kobolds
  4 rats
34 creatures vanquished.

Notes
Turn   | Place    | Note
-------+----------+-------------------------------------------
     0 | D:1      | letownia2 the Demonspawn Wizard began the quest for the Orb.
     0 | D:1      | Reached XP level 1. HP: 13/13 MP: 4/4
   433 | D:1      | Reached skill level 2 in Conjurations
   436 | D:1      | Gained mutation: You are surrounded by a mild repulsion field. (EV +2) [demonic ancestry]
   436 | D:1      | Reached XP level 2. HP: 19/19 MP: 0/6
   911 | D:2      | Reached skill level 3 in Conjurations
   915 | D:2      | Reached XP level 3. HP: 18/24 MP: 1/7
   935 | D:2      | Learned a level 3 spell: Mephitic Cloud
   939 | D:2      | Learned a level 3 spell: Conjure Flame
  1419 | D:4      | Noticed an ogre
  1494 | D:4      | Gained mutation: You are immune to rotting. [demonic ancestry]
  1494 | D:4      | Reached XP level 4. HP: 30/30 MP: 8/8
  1502 | D:4      | Reached skill level 4 in Conjurations
  1641 | D:4      | Killed an ogre
  1641 | D:4      | Reached skill level 1 in Fire Magic
  1641 | D:4      | Reached skill level 1 in Air Magic
  1641 | D:4      | Reached skill level 1 in Poison Magic
  1641 | D:4      | Reached XP level 5. HP: 35/35 MP: 9/9
  1650 | D:4      | Quit the game

Skill      XL: |  1  2  3  4 |
---------------+-------------+-----
Conjurations   | 2 3 4 |  4.3
Fire Magic     | 1 |  1.2
Air Magic      | 1 |  1.2
Poison Magic   | 1 |  1.3
Dodging        | |  1.7
Stealth        | |  1.7
Spellcasting   | |  3.0
Summonings     | |  1.0
Translocations | |  0.8

Action                   |  1- 3 |  4- 6 || total
-------------------------+-------+-------++-------
Melee: Mace              |    12 |       ||    12
       Unarmed           |     1 |       ||     1
 Cast: Magic Dart        |    75 |    17 ||    92
       Mephitic Cloud    |     2 |     2 ||     4
  Eat: Chunk             |     2 |     1 ||     3
Armor: Robe              |     9 |       ||     9
       Leather armour    |     1 |     1 ||     2
Dodge: Dodged            |    41 |     2 ||    43
